 Dungeon Crawl Stone Soup version 0.25-a0-265-g7af84ae0ac (webtiles) character file.

Game seed: 7908829412031108196, levelgen mode: deterministic

22797 MisterFreud the Cruncher (level 13, -7/98 HPs)
             Began as a Human Wanderer on Dec 8, 2019.
             Was a Plaything of Xom.
             Mangled by a crocodile (11 damage)
             ... on level 4 of the Lair of Beasts.
             The game lasted 00:39:27 (13246 turns).

MisterFreud the Cruncher (Human Wanderer)          Turns: 13246, Time: 00:39:28

Health: -7/98      AC: 11    Str: 12    XL:     13   Next: 30%
Magic:  13/13      EV: 16    Int: 23    God:    Xom [*.....]
Gold:   897        SH:  0    Dex: 13    Spells: 12/12 levels left

rFire    + . .     SeeInvis .   w - +5 quarterstaff (chaos)
rCold    . . .     Gourm    .   (shield currently unavailable)
rNeg     . . .     Faith    .   k - +1 ring mail of Emai {rC- Int+5 Slay+5}
rPois    .         Spirit   .   (helmet restricted)
rElec    .         Reflect  .   x - +0 cloak
rCorr    .         Harm     .   n - +0 pair of gloves
MR       +....     Rnd*Rage +   (no boots)
Stlth    +.........             G - amulet of regeneration
HPRegen  0.66/turn              P - ring of protection from fire
MPRegen  0.13/turn              L - ring of protection from cold

@: berserk cooldown, slowed, lightly drained, invisible, very slow
A: fangs 1, horns 1, berserk 1, magic resistance 1, sense surroundings 1
a: Renounce Religion


You were on level 4 of the Lair of Beasts.
You worshipped Xom.
You were a special plaything of Xom.
You were not hungry.

You visited 2 branches of the dungeon, and saw 15 of its levels.

You collected 897 gold pieces.

Inventory:

Hand Weapons
 w - a +5 quarterstaff of chaos (weapon)
Missiles
 h - 453 stones (quivered)
 i - 121 sling bullets
 j - 86 bolts
 q - 337 arrows
 r - 6 boomerangs
 Q - 32 poisoned darts
Armour
 d - the +0 ring mail "Symic" {+Inv Str+3}
   (Xom gifted it to you on level 3 of the Lair of Beasts)

   It affects your strength (+3).
   It lets you turn invisible.
 k - the +1 ring mail of Emai (worn) {rC- Int+5 Slay+5}
   (You found it on level 5 of the Dungeon)

   It affects your intelligence (+5).
   It affects your accuracy and damage with ranged weapons and melee attacks
   (+5).
   It makes you vulnerable to cold.
 n - a +0 pair of gloves (worn)
 x - a +0 cloak (worn)
 A - a +2 helmet
 F - the +0 chain mail "Jusyureo" {+Inv rElec Int+5 Dex-4}
   (You found it on level 1 of the Lair of Beasts)

   It affects your intelligence (+5).
   It affects your dexterity (-4).
   It insulates you from electricity.
   It lets you turn invisible.
Jewellery
 b - an uncursed amulet of faith
 G - an amulet of regeneration (around neck)
 H - an uncursed amulet of faith
 I - an uncursed ring of resist corrosion
 J - an uncursed ring of protection from cold
 L - a ring of protection from cold (right hand)
 P - a ring of protection from fire (left hand)
Wands
 o - a wand of polymorph (8)
 N - a wand of acid (11)
Scrolls
 a - 2 scrolls of fear
 c - 2 scrolls of teleportation
 e - a scroll of fog
 g - 10 scrolls of remove curse
 p - 5 scrolls of magic mapping
 y - 3 scrolls of blinking
Potions
 m - a potion of curing
 s - a potion of magic
 t - a potion of degeneration {unknown}
 u - 3 potions of flight
 v - a potion of haste {unknown}
 B - a potion of might {unknown}
 C - a potion of lignification
 D - a potion of mutation {unknown}
 E - 2 potions of cancellation
 K - 2 potions of agility
 M - a potion of brilliance {unknown}
Miscellaneous
 O - a sack of spiders
 S - a phial of floods
Comestibles
 f - 36 rations


   Skills:
 + Level 8.0 Fighting
   Level 1.1 Short Blades
 - Level 14.0(13.9) Staves
 - Level 1.1 Throwing
 - Level 10.0(9.9) Armour
 - Level 10.2 Dodging
 - Level 2.1 Stealth


You had 12 spell levels left.
You didn't know any spells.
Your spell library contained the following spells:

 Spells                   Type           Power        Failure   Level  Hunger
 Animate Skeleton         Necr           N/A          30%         1    ##.....
 Apportation              Tloc           #.....       30%         1    ##.....
 Confusing Touch          Hex            #.....       30%         1    ##.....
 Summon Small Mammal      Summ           #...         30%         1    ##.....
 Blink                    Tloc           N/A          41%         2    ###....
 Shroud of Golubria       Chrm/Tloc      #.....       41%         2    ###....
 Gell's Gravitas          Tloc           #.........   65%         3    ####...
 Lesser Beckoning         Tloc           #.........   65%         3    ####...
 Teleport Other           Tloc           #.......     65%         3    ####...
 Passage of Golubria      Tloc           N/A          96%         4    #####..


Dungeon Overview and Level Annotations

Branches:
Dungeon (11/15)            Temple (0/1) D:6            Lair (4/6) D:9
 Shoals (0/4) Lair:3
  Snake: Lair:2-4    Spider: Lair:2-4       Orc: D:9-12

Altars:
Cheibriados
Fedhas
Gozag
Kikubaaqudgha
Makhleb
Ru
Vehumet
Xom
Yredelemnul
The Shining One

Annotations:
Lair:1 exclusion: oklob plant
Lair:2 exclusion: ice statue


Innate Abilities, Weirdness & Mutations

You have very sharp teeth.
You have a pair of small horns on your head.
You tend to lose your temper in combat.
You are resistant to hostile enchantments. (MR+)
You passively map a small area around you.


Message History

* * * LOW HITPOINT WARNING * * *
The crocodile completely misses you.
The rime drake bites you but does no damage.
The ice encasing you melts away. The rime drake breathes ice at you.
The flash freeze hits you!
* * * LOW HITPOINT WARNING * * *
You are encased in ice.
The crocodile bites you.
* * * LOW HITPOINT WARNING * * *
The crocodile misses you.
You feel better.
The rime drake changes into an acid dragon!
The crocodile bites you!
* * * LOW HITPOINT WARNING * * *
The crocodile barely misses you.
You fade into invisibility!
The ice encasing you melts away. The crocodile bites you!
You die...

....#* * .......#*
..P..# ##......##
......####........#
........†...†.....#
..................#
........P#†......##
*,
.......#####....###
, .......#
#.#.t..###** ,
.......##
####D@...#
........# ###..##,
* ......### ,#....
.....#.# * #....#
..<##### ....# ..##
.).# ## * ..P ..#*
,,


You could see a crocodile and an acid dragon shaped shifter.

Vanquished Creatures
  Snorg (Lair:3)
  A hydra (D:8)
  A two-headed ogre (D:10)
  Nergalle (D:10)
  A skeletal warrior (D:10)
  An unseen horror (D:11)
  Pikel (D:3)
  An ugly thing (D:11)
  3 elephants (Lair:1)
  A spiny frog (Lair:3)
  Psyche (D:11)
  A rime drake (Lair:4)
  2 komodo dragons
  3 trolls
  A hornet (Lair:2)
  A queen bee (Lair:3)
  2 dream sheep (D:8)
  A polar bear (Lair:2)
  3 blink frogs (Lair:3)
  4 hippogriffs
  3 spriggans (Lair:1)
  2 yaks (D:8)
  Sigmund (D:4)
  A wraith (D:7)
  Grum (Lair:1)
  2 wyverns
  A hungry ghost (D:9)
  3 wargs (D:9)
  A soldier ant (D:11)
  Menkaure (D:5)
  6 porcupines
  3 orc warriors
  6 water moccasins
  5 ice beasts
  A sky beast (D:10)
  A black bear (D:7)
  3 phantoms
  An eye of draining (D:10)
  A necrophage (D:5)
  6 wolves (Lair:1)
  9 ogres
  6 centaurs
  3 crocodiles
  4 big kobolds
  9 bullfrogs
  A water moccasin zombie (D:10)
  6 scorpions
  27 killer bees
  6 wights
  3 centaur zombies
  3 crimson imps
  2 bullfrog zombies
  6 hounds
  A quasit (D:10)
  A bullfrog skeleton (D:9)
  7 human zombies (D:7)
  4 jellies
  9 orc priests
  Crazy Yiuf (D:3)
  2 iguanas
  5 worker ants
  A human skeleton (D:7)
  7 hell rats (Lair:4)
  13 orc wizards
  3 hound zombies
  2 mummies (D:7)
  2 worker ant zombies
  Robin (D:3)
  3 gnolls (D:6)
  9 adders
  3 shadow imps
  2 white imps (Lair:2)
  An adder zombie (D:5)
  An adder skeleton (D:8)
  5 worms
  2 dart slugs
  7 leopard geckos
  39 orcs
  2 ball pythons (D:3)
  7 giant cockroaches
  16 goblins
  11 hobgoblins
  9 jackals
  4 quokkas
  4 bats (D:3)
  4 frilled lizards
  A jackal zombie (D:6)
  5 kobolds
  An orc zombie (D:7)
  A quokka zombie (D:6)
  11 rats
372 creatures vanquished.

Vanquished Creatures (collateral kills)
  A two-headed ogre (D:10)
  Maurice (D:10)
  A killer bee (Lair:3)
3 creatures vanquished.

Vanquished Creatures (others)
  An elephant (Lair:1)
  A spiny frog (Lair:3)
  Eustachio (D:6)
  3 fungi
  6 plants
12 creatures vanquished.

Grand Total: 387 creatures vanquished

Notes
Turn   | Place    | Note
-------+----------+-------------------------------------------
     0 | D:1      | MisterFreud the Human Wanderer began the quest for the Orb.
     0 | D:1      | MisterFreud set off with the following items: a +2
                  | quarterstaff, a +0 short sword, a scroll of teleportation,
                  | a +0 robe, a +0 dagger, a ration
     0 | D:1      | Reached XP level 1. HP: 15/15 MP: 1/1
   118 | D:1      | Reached XP level 2. HP: 18/21 MP: 2/2
   219 | D:1      | Reached skill level 1 in Armour
   221 | D:1      | Reached XP level 3. HP: 26/26 MP: 3/3
  1223 | D:2      | Found a glowing golden altar of the Shining One.
  1225 | D:2      | Noticed an angel
  1237 | D:2      | Found a basalt altar of Yredelemnul.
  1239 | D:2      | Noticed a profane servitor
  1614 | D:3      | Reached XP level 4. HP: 32/32 MP: 4/4
  2046 | D:3      | Reached XP level 5. HP: 37/37 MP: 5/5
  2270 | D:3      | Found a runed translucent door.
  2271 | D:3      | Noticed Crazy Yiuf
  2278 | D:3      | Killed Crazy Yiuf
  2381 | D:3      | Noticed Robin
  2403 | D:3      | Killed Robin
  2578 | D:4      | Found a shimmering altar of Xom.
  2660 | D:4      | Noticed a slave
  2660 | D:4      | Noticed a slave
  2675 | D:4      | Noticed Pikel
  2679 | D:4      | Noticed a slave
  2717 | D:3      | Killed Pikel
  2717 | D:3      | Reached skill level 4 in Staves
  2717 | D:3      | Reached skill level 5 in Armour
  2717 | D:3      | Reached XP level 6. HP: 22/43 MP: 6/6
  2717 | D:3      | Reached XP level 7. HP: 25/48 MP: 7/7
  2943 | D:4      | Noticed Sigmund
  3040 | D:4      | Killed Sigmund
  3040 | D:4      | Reached skill level 5 in Staves
  3040 | D:4      | Reached XP level 8. HP: 54/54 MP: 8/8
  3286 | D:5      | Entered Level 5 of the Dungeon
  3303 | D:5      | Got a dazzling ring mail
  3328 | D:5      | Identified the +1 ring mail of Emai {rC- Int+5 Slay+5} (You
                  | found it on level 5 of the Dungeon)
  3394 | D:5      | Reached skill level 6 in Staves
  3559 | D:5      | Reached skill level 5 in Dodging
  3997 | D:6      | Noticed Menkaure
  4170 | D:5      | Killed Menkaure
  4170 | D:5      | Reached XP level 9. HP: 12/59 MP: 9/9
  4482 | D:6      | Reached skill level 7 in Staves
  4797 | D:6      | Found a staircase to the Ecumenical Temple.
  4838 | D:6      | Noticed Eustachio
  4876 | D:6      | Killed Eustachio
  5517 | D:7      | Reached skill level 8 in Staves
  5688 | D:7      | Reached XP level 10. HP: 65/65 MP: 10/10
  5698 | D:7      | Found a sacrificial altar of Ru.
  5700 | D:7      | Found an opulent altar of Gozag.
  5709 | D:7      | Found a radiant altar of Vehumet.
  5713 | D:7      | Found a blossoming altar of Fedhas.
  5778 | D:7      | Found an ancient bone altar of Kikubaaqudgha.
  5918 | D:7      | Found a snail-covered altar of Cheibriados.
  6242 | D:8      | Reached skill level 9 in Staves
  6425 | D:8      | Noticed a three-headed hydra
  6446 | D:8      | Killed a three-headed hydra
  6678 | D:8      | Reached XP level 11. HP: 70/70 MP: 11/11
  6799 | D:8      | Found a burning altar of Makhleb.
  7075 | D:9      | Found a staircase to the Lair.
  7203 | D:9      | Reached skill level 10 in Staves
  7488 | D:9      | Reached skill level 10 in Armour
  7839 | D:4      | Became a worshipper of Xom of Chaos
  7921 | D:8      | XOM: divination: magic mapping
  7959 | D:10     | Entered Level 10 of the Dungeon
  7959 | D:10     | Noticed Maurice
  7959 | D:10     | Noticed a two-headed ogre
  7983 | D:10     | Noticed Nergalle
  7995 | D:10     | XOM: potion effect (haste)
  8125 | D:10     | Killed a two-headed ogre
  8125 | D:10     | Reached skill level 10 in Dodging
  8139 | D:10     | Killed Maurice
  8166 | D:10     | XOM: potion effect (curing)
  8324 | D:10     | XOM: potion effect (might)
  8413 | D:10     | Noticed a two-headed ogre
  8416 | D:10     | XOM: cast spell 'Call Canine Familiar'
  8422 | D:10     | Killed a two-headed ogre
  8504 | D:10     | XOM: mild Tloc miscast
  8663 | D:10     | Killed Nergalle
  8811 | D:10     | XOM: confusion
  9174 | D:10     | Reached XP level 12. HP: 84/84 MP: 2/12
  9221 | D:10     | XOM: scenery: 3 doors close
  9276 | D:11     | Reached skill level 11 in Staves
  9349 | D:11     | Got a dazzling trident
  9384 | D:11     | XOM: cleaving
  9392 | D:11     | Reached skill level 5 in Fighting
  9471 | D:11     | XOM: potion effect (berserk rage)
  9477 | D:11     | Killed an unseen horror
  9492 | D:11     | XOM: enchant monster (good)
  9552 | D:11     | Noticed Psyche
  9561 | D:11     | Killed Psyche
  9703 | D:11     | Noticed a skeletal warrior
  9703 | D:11     | Noticed a skeletal warrior
  9703 | D:11     | Noticed a skeletal warrior
  9703 | D:11     | Noticed a skeletal warrior
  9703 | D:11     | Noticed a skeletal warrior
  9708 | D:11     | XOM: mild Ice miscast
  9722 | D:11     | XOM: stat loss: -1 Dex (12/13)
  9726 | D:11     | XOM: confusion (+ monsters)
  9730 | D:11     | XOM: enchant monster (good)
  9745 | D:10     | XOM: mild Fire miscast
  9756 | D:10     | Killed a skeletal warrior
  9918 | Lair:1   | Entered Level 1 of the Lair of Beasts
  9954 | Lair:1   | Reached skill level 12 in Staves
  9958 | Lair:1   | XOM: potion effect (curing)
 10149 | Lair:1   | You fall into a shaft and drop 1 floor!
 10177 | Lair:2   | XOM: mild Tloc miscast
 10406 | Lair:1   | Noticed Grum
 10425 | Lair:1   | Killed Grum
 10475 | Lair:1   | Reached skill level 13 in Staves
 10600 | Lair:1   | Got an encrusted chain mail
 10622 | Lair:1   | XOM: summons 3 friendly demons
 10856 | Lair:1   | XOM: medium Ice miscast
 11091 | Lair:2   | XOM: potion effect (agility)
 11091 | Lair:2   | Noticed an ice dragon
 11126 | Lair:2   | XOM: noise
 11167 | Lair:2   | Identified the +0 chain mail "Jusyureo" {+Inv rElec Int+5
                  | Dex-4} (You found it on level 1 of the Lair of Beasts)
 11492 | Lair:2   | XOM: silly message
 11514 | Lair:2   | XOM: potion effect (brilliance)
 11519 | Lair:2   | XOM: potion effect (curing)
 11530 | Lair:2   | XOM: divination: magic mapping
 11592 | Lair:3   | XOM: harmless Summ miscast
 11610 | Lair:3   | XOM: 3-stop teleportation journey
 11692 | Lair:3   | Noticed Snorg
 11731 | Lair:3   | XOM: smoke on damage
 11734 | Lair:3   | Reached XP level 13. HP: 17/93 MP: 13/13
 11746 | Lair:3   | HP: 3/93 [centaur/arrow (14)]
 11797 | Lair:3   | XOM: summons friendly ufetubus
 11805 | Lair:3   | XOM: give mutations
 11805 | Lair:3   | Gained mutation: You are resistant to hostile enchantments.
                  | (MR+) [Xom's grace]
 11805 | Lair:3   | Gained mutation: You have very sharp teeth. [Xom's grace]
 11805 | Lair:3   | Gained mutation: You are highly resistant to hostile
                  | enchantments. (MR++) [Xom's grace]
 11828 | Lair:3   | XOM: summons friendly quasit
 11841 | Lair:3   | XOM: polymorph centaur -> jelly
 11846 | Lair:3   | XOM: summons friendly shadow imp
 11859 | Lair:3   | XOM: summons friendly quasit
 11872 | Lair:3   | Killed Snorg
 11906 | Lair:3   | XOM: cloud trail
 11980 | Lair:3   | XOM: mild Chrm miscast
 12047 | Lair:3   | Found a staircase to the Shoals.
 12177 | Lair:3   | XOM: summons friendly iron imp
 12181 | Lair:3   | Reached skill level 14 in Staves
 12460 | Lair:3   | XOM: god gift: pitted ring mail {god gift}
 12463 | Lair:3   | Got a pitted ring mail {god gift}
 12476 | Lair:3   | XOM: give mutations
 12476 | Lair:3   | Gained mutation: You tend to lose your temper in combat.
                  | [Xom's mischief]
 12476 | Lair:3   | Lost mutation: You are highly resistant to hostile
                  | enchantments. (MR++) [Xom's mischief]
 12652 | Lair:3   | XOM: give mutations
 12652 | Lair:3   | Gained mutation: You passively map a small area around you.
                  | [Xom's mischief]
 12652 | Lair:3   | Gained mutation: You have a pair of small horns on your
                  | head. [Xom's mischief]
 12742 | Lair:3   | XOM: destruction
 12825 | Lair:3   | Identified the +0 ring mail "Symic" {+Inv Str+3} (Xom
                  | gifted it to you on level 3 of the Lair of Beasts)
 12912 | Lair:4   | Noticed an eight-headed hydra
 12920 | Lair:4   | XOM: confuse monster(s)
 12924 | Lair:4   | XOM: confusion
 13140 | Lair:3   | XOM: summons 4 hostile demons
 13245 | Lair:4   | HP: 3/98 [crocodile (9)]
 13246 | Lair:4   | Mangled by a crocodile

Levels and vault maps discovered:
D:1:      nzn_arrival_water_spiral, layout_basic, due_unseen_surprise
D:2:      wander_river, layout_rooms, grunt_temple_overflow_holy_war,
          first_ration, minmay_misc_feat_tower
D:3:      layout_loops_corners, uniq_crazy_yiuf_cottage, uniq_robin
D:4:      layout_cave_pools, xom_teletrap_fun, uniq_sigmund, uniq_pikel
D:5:      layout_basic, minmay_misc_feat_hallway
D:6:      layout_rooms, minmay_temple_entry_mist, uniq_menkaure, uniq_eustachio
D:7:      layout_loops_cross, lemuel_mausoleum_altar_kikubaaqudgha,
          minmay_overflow_temple_star_hex
D:8:      layout_loops_cross, lemuel_coloured_pillars_altar, hangedman_ranch
          [blue_anna_fruit_fields]
D:9:      layout_small_grid, erik_lair_orcish_takeover,
          kennysheep_generic_room_6
D:10:     layout_grid_maze, uniq_maurice, uniq_nergalle
D:11:     layout_small_grid, led_sif_book, uniq_psyche
Lair:1:   layout_chaotic_city, serial_bayou_pond_d, minmay_lair_oklob_items,
          wad_woods_02, infiniplex_staircase_pool_2, lemuel_fruit_tree,
          uniq_grum
Lair:2:   layout_gridlike, ice2_lemuel
Lair:3:   layout_roguey, minmay_shoals_entry_centaurs, special_room
          [special_room_bee], uniq_snorg
Lair:4:   layout_cave_pods, spider_nest_entry_a, lemuel_fruit_fields,
          serial_bayou_shore_a

Skill      XL: |  1  2  3  4  5  6  7  8  9 10 11 12 13 |
---------------+----------------------------------------+-----
Armour         | 1 2 5 6 7 9 10 | 10.0
Dodging        | 4 5 7 8 10 | 10.2
Staves         | 4 5 6 8 9 10 13 14 | 14.0
Fighting       | 4 6 8 |  8.0
Short Blades   | |  1.1
Throwing       | |  1.1
Stealth        | |  2.1

Action                   |  1- 3 |  4- 6 |  7- 9 | 10-12 | 13-15 || total
-------------------------+-------+-------+-------+-------+-------++-------
Melee: Quarterstaff      |    85 |   126 |   213 |   723 |   164 ||  1311
       Headbutt          |       |       |       |       |     8 ||     8
       Bite              |       |       |       |       |     8 ||     8
Evoke: Phial of floods   |       |       |       |     1 |       ||     1
       Wand              |       |       |       |     2 |     2 ||     4
       Sack of spiders   |       |       |       |     2 |     1 ||     3
  Use: Scroll            |       |       |    12 |     9 |     3 ||    24
       Potion            |       |       |     1 |     3 |     6 ||    10
 Stab: Sleeping          |     2 |       |       |       |       ||     2
       Distracted        |     1 |       |     1 |       |       ||     2
       Paralysed         |       |       |     4 |     6 |     1 ||    11
       Petrified         |       |       |     1 |    15 |       ||    16
       Petrifying        |       |       |       |     5 |       ||     5
       Confused          |       |       |       |     5 |     2 ||     7
       Invisible         |       |       |       |       |     4 ||     4
  Eat: Chunk             |     2 |     4 |     9 |    22 |     3 ||    40
       Ration            |       |       |       |       |     1 ||     1
Armor: Robe              |     4 |       |       |       |       ||     4
       Ring mail         |    14 |    66 |    84 |   230 |    62 ||   456
       Skin              |       |       |     2 |       |    78 ||    80
Dodge: Dodged            |    47 |    76 |   152 |   461 |   182 ||   918

Table legend:
 A = Non-vault XP
 B = Vault XP
 C = Vault XP percentage of total XP
 D = Non-vault monster count
 E = Vault monster count
 F = Vault count percentage of total count
                 A         B        C        D         E       F
            +---------+---------+-------+---------+---------+-------
      Total |   21047 |   11521 |  35.4 |     287 |      91 |  24.1
            +---------+---------+-------+---------+---------+-------
        D:1 |      37 |       0 |   0.0 |      19 |       0 |   0.0
        D:2 |      18 |       0 |   0.0 |       7 |       0 |   0.0
        D:3 |     105 |     742 |  87.6 |      31 |      15 |  32.6
        D:4 |       6 |     205 |  97.2 |       2 |       1 |  33.3
        D:5 |     699 |     157 |  18.3 |      29 |       1 |   3.3
        D:6 |     875 |     107 |  10.9 |      22 |       1 |   4.3
        D:7 |    1030 |     575 |  35.8 |      16 |      12 |  42.9
        D:8 |    1151 |    2199 |  65.6 |      27 |       8 |  22.9
        D:9 |    1506 |     638 |  29.8 |      25 |       8 |  24.2
       D:10 |    5122 |    1125 |  18.0 |      36 |       2 |   5.3
       D:11 |    2904 |     439 |  13.1 |      32 |       1 |   3.0
     Lair:1 |    2627 |    1700 |  39.3 |      13 |       8 |  38.1
     Lair:2 |    1777 |     666 |  27.3 |       9 |       6 |  40.0
     Lair:3 |    2046 |    2968 |  59.2 |       8 |      28 |  77.8
     Lair:4 |    1144 |       0 |   0.0 |      11 |       0 |   0.0
            +---------+---------+-------+---------+---------+-------
